 Dungeon Crawl Stone Soup version 0.23-a0-32-g1388f29 (webtiles) character file.

111 mopl the Firebug (level 4, -8/24 HPs)
             Began as a Tengu Fire Elementalist on Aug 4, 2018.
             Killed by divine providence
             ... invoked by an orc priest
              (14 damage)
             ... on level 3 of the Dungeon.
             The game lasted 00:05:48 (2479 turns).

mopl the Firebug (Tengu Fire Elementalist)          Turns: 2479, Time: 00:05:49

Health: -8/24      AC:  2    Str:  8    XL:     4   Next: 92%
Magic:  2/9        EV: 12    Int: 17    God:
Gold:   43         SH:  0    Dex: 14    Spells: 0/8 levels left

rFire    . . .     SeeInvis .   (no weapon)
rCold    . . .     Gourm    .   (no shield)
rNeg     . . .     Faith    .   a - +0 robe
rPois    .         Spirit   .   (helmet restricted)
rElec    .         Reflect  .   (no cloak)
rCorr    .         Harm     .   (no gloves)
MR       .....                  (boots unavailable)
Stlth    ++........             (no amulet)
HPRegen  0.08/turn              (no ring)
MPRegen  0.11/turn              (no ring)

@: very slightly contaminated
A: beak, talons 3
a: no special abilities


You were on level 3 of the Dungeon.
You were not hungry.

You visited 1 branch of the dungeon, and saw 4 of its levels.

You collected 43 gold pieces.

Inventory:

Missiles
 j - 3 needles of sleeping
Armour
 a - a +0 robe (worn)
Wands
 n - a wand of paralysis (14)
 q - a wand of iceblast (7)
Scrolls
 i - a scroll of amnesia {unknown}
 k - a scroll of magic mapping {unknown}
 p - a scroll of blinking
 r - a scroll of fear {unknown}
Potions
 b - a potion of magic
 d - 2 potions of flight {unknown}
 e - 2 potions of invisibility {unknown}
 f - 3 potions of curing {unknown}
 h - a potion of brilliance
 l - a potion of might
 m - a potion of heal wounds
 o - a potion of mutation {unknown}
Comestibles
 c - 2 rations
 g - a chunk of flesh


   Skills:
 - Level 2.1 Dodging
 - Level 2.0 Stealth
 + Level 2.6 Spellcasting
 * Level 3.8 Conjurations
 * Level 4.5 Fire Magic


You couldn't memorise any spells.
You knew the following spells:

 Your Spells              Type           Power        Failure   Level  Hunger
a - Flame Tongue          Conj/Fire      ###..        3%          1    #......
c - Conjure Flame         Conj/Fire      ###.....     10%         3    ###....
d - Sticky Flame          Conj/Fire      ###.....     32%         4    #####..

Your spell library contained the following spells:

 Spells                   Type           Power        Failure   Level  Hunger
 Fireball                 Conj/Fire      ###.......   65%         5    ######.
 Confuse                  Hex            #.......     50%         3    ###....
 Throw Flame              Conj/Fire      ###...       4%          2    ##.....
 Tukima's Dance           Hex            #.......     50%         3    ###....
 Ensorcelled Hibernation  Hex/Ice        #.....       28%         2    ##.....
 Corona                   Hex            #......      19%         1    #......
 Inner Flame              Hex/Fire       ##......     22%         3    ###....
 Dazzling Spray           Conj/Hex       #.....       24%         3    ###....


Dungeon Overview and Level Annotations

Branches:
Dungeon (4/15)
 Temple: D:4-7

Altars:
The Shining One

Annotations:
D:4 Pikel


Innate Abilities, Weirdness & Mutations

You have a beak for a mouth.
You have claws for feet.


Message History

You miscast Sticky Flame.
You are very lightly contaminated with residual magic.
Lukewarm flames ripple over your body. The orc priest misses you.
An orc wizard comes into view. It is wielding a dagger.
An orc comes into view. It is wielding a short sword.
An adder comes into view.
The orc priest miscasts a cantrip.
The orc priest invokes the aid of Beogh against you.
Beogh smites you!
Ouch! That really hurt!
The orc priest invokes the aid of Beogh against you.
Pain shoots through your body!
* * * LOW HITPOINT WARNING * * *
There is a stone staircase leading up here.
The orc wizard mumbles some strange words.
The orc wizard blinks!
The orc priest invokes the aid of Beogh against you.
Beogh smites you!
Ouch! That really hurt!
You die...

#
#.##.###...###..######
#.##.# #...# #........
#....###...###.##.###.
#.................#
#.......#########.###.#
##.#.##.# ###)....##
#.#. .. ####.)..>.....
#. #....#######.#
###.##..@.#
##.......S.#
#..........#
......#....o# #
......#.###o# .#
##..#.#.###o#######.#
#..#.#.....o.o..o..#
#...)..#####.###.##
....#...[....o###.#


You could see 2 orc priests, an orc wizard, an adder (wandering) and an orc.

Vanquished Creatures
  4 adders
  2 worms (D:2)
  A dart slug (D:1)
  An orc (D:3)
  2 ball pythons (D:1)
  11 bats
  5 giant cockroaches
  9 goblins
  6 hobgoblins
  A jackal (D:4)
  A quokka (D:2)
  7 frilled lizards
  8 kobolds
  11 rats
69 creatures vanquished.

Notes
Turn   | Place    | Note
-------+----------+-------------------------------------------
     0 | D:1      | mopl the Tengu Fire Elementalist began the quest for the Orb.
     0 | D:1      | Reached XP level 1. HP: 10/10 MP: 4/4
   366 | D:1      | Reached skill level 2 in Conjurations
   366 | D:1      | Reached XP level 2. HP: 13/15 MP: 3/6
   711 | D:1      | Reached XP level 3. HP: 18/19 MP: 2/7
   716 | D:1      | Learned a level 3 spell: Conjure Flame
  1126 | D:2      | Reached skill level 4 in Fire Magic
  1262 | D:2      | Reached skill level 3 in Conjurations
  1375 | D:2      | Reached XP level 4. HP: 24/24 MP: 0/8
  1486 | D:2      | Learned a level 4 spell: Sticky Flame
  2032 | D:2      | Found a glowing golden altar of the Shining One.
  2173 | D:3      | You fall through a shaft!
  2173 | D:4      | Noticed a phantom
  2188 | D:4      | Noticed a slave
  2188 | D:4      | Noticed a slave
  2188 | D:4      | Noticed Pikel
  2189 | D:4      | Noticed a slave
  2189 | D:4      | Noticed a slave
  2195 | D:4      | Noticed an ogre
  2479 | D:3      | Killed from afar by an orc priest

Vault maps used:
D:1:      dpeg_arrival_subterranean_lakeside_camping
D:2:      marbit_many_paths, minmay_tripent
D:3:      lemuel_round_altar, minmay_misc_feat_cross
D:4:      uniq_pikel

Skill      XL: |  1  2  3 |
---------------+----------+-----
Conjurations   | 2 3 |  3.8
Fire Magic     | 4 |  4.5
Dodging        | |  2.1
Stealth        | |  2.0
Spellcasting   | |  2.6

Action                   |  1- 3 |  4- 6 || total
-------------------------+-------+-------++-------
 Cast: Flame Tongue      |    72 |    58 ||   130
  Use: Scroll            |     2 |     4 ||     6
  Eat: Chunk             |     2 |     4 ||     6
Armor: Robe              |     6 |     4 ||    10
Dodge: Dodged            |    18 |    22 ||    40

Table legend:
 A = Spawn XP
 B = Non-spawn XP
 C = Spawn XP percentage of total XP
 D = Spawn monster count
 E = Non-spawn monster count
 F = Spawn count percentage of total count
 G = Total turns spent on level
                    A         B        C        D         E        F      G
               +---------+---------+-------+---------+---------+-------+---------
         Total |       0 |     159 |   0.0 |       0 |      69 |   0.0 |  2479
               +---------+---------+-------+---------+---------+-------+---------
           D:1 |       0 |      46 |   0.0 |       0 |      31 |   0.0 |  1174
           D:2 |       0 |      89 |   0.0 |       0 |      31 |   0.0 |   979
           D:3 |       0 |      22 |   0.0 |       0 |       6 |   0.0 |   293
           D:4 |       0 |       2 |   0.0 |       0 |       1 |   0.0 |    33
               +---------+---------+-------+---------+---------+-------+---------
